ESL (28 & UNDER)
INTERCOURSE AMISH @ BUTLER WHITE SOX
07/26/2029
 
TOP OF THE 1ST
Intercourse Amish batting - Pitching for Butler White Sox : LHP Gary Fox
Pitching: LHP Gary Fox
Batting: LHB Dave Reynolds 0-0: Ball
1-0: SOLO HOME RUN (Flyball, 89XD), Distance : 409 ft
Batting: SHB Ralph Robison 0-0: Ball
1-0: Ground out 6-3 (Groundball, 6M)
Batting: LHB Caleb Hall 0-0: Foul Ball, location: 2F
0-1: Swinging Strike
0-2: Strikes out looking
Batting: RHB Juan Estrada 0-0: Foul Ball, location: 2F
0-1: Ball
1-1: Ball
2-1: Ball
3-1: SOLO HOME RUN (Flyball, 7D), Distance : 362 ft
Batting: RHB Mitsuoki Taguchi 0-0: Swinging Strike
0-1: Swinging Strike
0-2: Strikes out swinging
Top of the 1st over - 2 runs, 2 hits, 0 errors, 0 left on base; Intercourse 2 - Butler 0
BOTTOM OF THE 1ST
Butler White Sox batting - Pitching for Intercourse Amish : RHP Sergio Hernández
Pitching: RHP Sergio Hernández
Batting: RHB Luis Fuentes 0-0: Ground out 1-3 (Groundball, 13S)
Batting: RHB Jerry Moore 0-0: Swinging Strike
0-1: Called Strike
0-2: Foul Ball, location: 2F
0-2: SOLO HOME RUN (Line Drive, 7D), Distance : 370 ft
Batting: SHB Ben Marks 0-0: Ball
1-0: Foul Ball, location: 2F
1-1: SINGLE (Line Drive, 6D)
Batting: RHB Bobby Murdock 0-0: Ball
Ben Marks steals 2nd base
1-0: Ball
2-0: Foul Ball, location: 2F
2-1: Ball
3-1: Base on Balls
Batting: LHB Josh Pérez 0-0: Ball
1-0: Ball
2-0: Fly out, F5 (Popup, 15S)
Batting: RHB Ángel Serrano 0-0: Ball
1-0: Foul Ball, location: 2F
1-1: Fly out, F3 (Popup, 23)
Bottom of the 1st over - 1 run, 2 hits, 0 errors, 2 left on base; Intercourse 2 - Butler 1
TOP OF THE 2ND
Intercourse Amish batting - Pitching for Butler White Sox : LHP Gary Fox
Batting: LHB Tony O'Bryan 0-0: Ball
1-0: Called Strike
1-1: Foul Ball, location: 2F
1-2: Foul Ball, location: 2F
1-2: Ball
2-2: Foul Ball, location: 2F
2-2: Ball
3-2: SINGLE (Line Drive, 4MD)
Batting: RHB Pablo Díaz 0-0: Ball
1-0: Called Strike
1-1: Swinging Strike
1-2: Foul Ball, location: 2F
1-2: DOUBLE (Flyball, 8LD)
Tony O'Bryan to third
Batting: SHB Conan Hanson 0-0: Called Strike
0-1: Ball
1-1: 3-RUN HOME RUN (Flyball, 7D), Distance : 351 ft
Batting: RHB Brian Stewart 0-0: Ball
1-0: Fly out, F3 (Popup, 3SF)
Batting: LHB Dave Reynolds 0-0: Swinging Strike
0-1: Foul Ball, location: 2F
0-2: Strikes out looking
Batting: SHB Ralph Robison 0-0: Called Strike
0-1: Ball
1-1: Ball
2-1: Ball
3-1: Called Strike
3-2: Base on Balls
Batting: LHB Caleb Hall 0-0: Called Strike
0-1: Ball
1-1: Swinging Strike
1-2: Ball
2-2: Foul Ball, location: 2F
2-2: Ball
3-2: Base on Balls
Ralph Robison to second
Batting: RHB Juan Estrada 0-0: Fly out, F2 (Popup, 2LF)
Top of the 2nd over - 3 runs, 3 hits, 0 errors, 2 left on base; Intercourse 5 - Butler 1
BOTTOM OF THE 2ND
Butler White Sox batting - Pitching for Intercourse Amish : RHP Sergio Hernández
Batting: LHB Sam Haynes 0-0: Ball
1-0: Ball
2-0: SINGLE (Line Drive, 6MD)
Batting: RHB José Darias 0-0: Ball
1-0: Fly out, F7 (Flyball, 7LM)
Batting: RHB Raúl Ruíz 0-0: Foul Ball, location: 2F
0-1: Ball
1-1: Foul Ball, location: 2F
1-2: Foul Ball, location: 2F
1-2: Ball
2-2: Foul Ball, location: 2F
2-2: Ball
3-2: Foul Ball, location: 2F
3-2: Strikes out swinging
Batting: RHB Luis Fuentes 0-0: Ball
1-0: SINGLE (Flyball, 9S)
Sam Haynes to second
Runner from 2nd tries for 3rd, SAFE, no throw
Batting: RHB Jerry Moore 0-0: Ball
1-0: Ball
2-0: Ball
3-0: Called Strike
3-1: Foul Ball, location: 2F
3-2: Strikes out looking
Bottom of the 2nd over - 0 runs, 2 hits, 0 errors, 2 left on base; Intercourse 5 - Butler 1
TOP OF THE 3RD
Intercourse Amish batting - Pitching for Butler White Sox : LHP Gary Fox
Batting: RHB Mitsuoki Taguchi 0-0: Called Strike
0-1: Ball
1-1: Swinging Strike
1-2: Strikes out swinging
Batting: LHB Tony O'Bryan 0-0: Foul Ball, location: 2F
0-1: Ball
1-1: Foul Ball, location: 2F
1-2: Ground out 4-3 (Groundball, 4S)
Batting: RHB Pablo Díaz 0-0: Ball
1-0: Called Strike
1-1: Swinging Strike
1-2: Foul Ball, location: 2F
1-2: Strikes out swinging
Top of the 3rd over - 0 runs, 0 hits, 0 errors, 0 left on base; Intercourse 5 - Butler 1
BOTTOM OF THE 3RD
Butler White Sox batting - Pitching for Intercourse Amish : RHP Sergio Hernández
Batting: SHB Ben Marks 0-0: Foul Ball, location: 2F
0-1: Swinging Strike
0-2: Ball
1-2: Strikes out swinging
Batting: RHB Bobby Murdock 0-0: Fly out, F9 (Flyball, 9LSF)
Pitching: RHP Benjamin Hutchison
Batting: LHB Josh Pérez 0-0: Called Strike
0-1: Foul Ball, location: 2F
0-2: SINGLE (Groundball, 6D)
Batting: RHB Ángel Serrano 0-0: Ball
1-0: Foul Ball, location: 2F
1-1: Fielders Choice at 2nd, 6-4 (Groundball, 6)
Bottom of the 3rd over - 0 runs, 1 hit, 0 errors, 1 left on base; Intercourse 5 - Butler 1
TOP OF THE 4TH
Intercourse Amish batting - Pitching for Butler White Sox : LHP Gary Fox
Batting: SHB Conan Hanson 0-0: Ground out 5-3 (Groundball, 56S)
Batting: RHB Brian Stewart 0-0: Ball
1-0: SINGLE (Flyball, 8RS)
Batting: LHB Dave Reynolds 0-0: Fielders Choice at 2nd, 4-6 (Groundball, 4)
Batting: SHB Ralph Robison 0-0: Called Strike
0-1: Ball
1-1: Ball
2-1: SINGLE (Line Drive, 7LS)
Dave Reynolds to second
Batting: LHB Caleb Hall 0-0: Called Strike
0-1: Ball
1-1: Swinging Strike
1-2: Strikes out swinging
Top of the 4th over - 0 runs, 2 hits, 0 errors, 2 left on base; Intercourse 5 - Butler 1
BOTTOM OF THE 4TH
Butler White Sox batting - Pitching for Intercourse Amish : RHP Benjamin Hutchison
Batting: LHB Sam Haynes 0-0: Called Strike
0-1: Ball
1-1: Foul Ball, location: 2F
1-2: Ball
2-2: Hit by Pitch
Batting: RHB José Darias 0-0: Called Strike
0-1: Called Strike
0-2: Ball
1-2: SINGLE (Groundball, 4MD)
Sam Haynes to second
Runner from 2nd tries for 3rd, SAFE, no throw
Batting: RHB Raúl Ruíz 0-0: Fly out, F6 (Line Drive, 6)
Batting: RHB Luis Fuentes 0-0: Ball
1-0: Swinging Strike
1-1: Ball
2-1: Grounds into double play, 4-6-3 (Groundball, 4)
Bottom of the 4th over - 0 runs, 1 hit, 0 errors, 1 left on base; Intercourse 5 - Butler 1
TOP OF THE 5TH
Intercourse Amish batting - Pitching for Butler White Sox : LHP Gary Fox
Batting: RHB Juan Estrada 0-0: Foul Ball, location: 2F
0-1: Foul Ball, location: 2F
0-2: Ball
1-2: Ball
2-2: Ball
3-2: SINGLE (Groundball, 56S) (infield hit)
Batting: RHB Mitsuoki Taguchi 0-0: Ball
1-0: Ball
2-0: Ball
3-0: Called Strike
3-1: Base on Balls
Juan Estrada to second
Batting: LHB Tony O'Bryan 0-0: 3-RUN HOME RUN (Flyball, 9LD), Distance : 349 ft
Batting: RHB Pablo Díaz 0-0: Ball
1-0: Foul Ball, location: 2F
1-1: Ball
2-1: Ball
3-1: Base on Balls
Batting: SHB Conan Hanson 0-0: Called Strike
0-1: Ball
1-1: Ball
2-1: Swinging Strike
2-2: Strikes out looking
Batting: RHB Brian Stewart 0-0: Called Strike
0-1: Ball
1-1: Grounds into double play, 6-4-3 (Groundball, 6)
Top of the 5th over - 3 runs, 2 hits, 0 errors, 0 left on base; Intercourse 8 - Butler 1
BOTTOM OF THE 5TH
Butler White Sox batting - Pitching for Intercourse Amish : RHP Benjamin Hutchison
Batting: RHB Jerry Moore 0-0: Ball
1-0: Called Strike
1-1: Called Strike
1-2: Strikes out swinging
Batting: SHB Ben Marks 0-0: Ball
1-0: Foul Ball, location: 2F
1-1: Ball
2-1: Foul Ball, location: 2F
2-2: Strikes out looking
Batting: RHB Bobby Murdock 0-0: Ball
1-0: Called Strike
1-1: SOLO HOME RUN (Line Drive, 7D), Distance : 354 ft
Batting: LHB Josh Pérez 0-0: Foul Ball, location: 2F
0-1: Ball
1-1: Ball
2-1: Ball
3-1: Ground out U3 (Groundball, 34)
Bottom of the 5th over - 1 run, 1 hit, 0 errors, 0 left on base; Intercourse 8 - Butler 2
TOP OF THE 6TH
Intercourse Amish batting - Pitching for Butler White Sox : LHP Gary Fox
Pitching: RHP Armando Rodríguez
Batting: LHB Dave Reynolds 0-0: Swinging Strike
0-1: SINGLE (Flyball, 8RS)
Batting: SHB Ralph Robison 0-0: Ball
1-0: Called Strike
1-1: 2-RUN HOME RUN (Flyball, 9D), Distance : 363 ft
Batting: LHB Caleb Hall 0-0: Called Strike
0-1: Swinging Strike
0-2: Hit by Pitch
Batting: RHB Juan Estrada 0-0: Called Strike
0-1: Foul Ball, location: 2F
0-2: Strikes out looking
Batting: RHB Mitsuoki Taguchi 0-0: Called Strike
0-1: Ball
1-1: Ball
2-1: Ball
3-1: Base on Balls
Caleb Hall to second
Batting: LHB Tony O'Bryan 0-0: Ball
1-0: Ball
2-0: Fly out, F6 (Line Drive, 6)
Lined into DP, 6-4 (Line Drive, 6)
Top of the 6th over - 2 runs, 2 hits, 0 errors, 1 left on base; Intercourse 10 - Butler 2
BOTTOM OF THE 6TH
Butler White Sox batting - Pitching for Intercourse Amish : RHP Benjamin Hutchison
Batting: RHB Ángel Serrano 0-0: Ball
1-0: SINGLE (Groundball, 56D)
Batting: LHB Sam Haynes 0-0: Foul Ball, location: 2F
0-1: Called Strike
0-2: Strikes out looking
Batting: RHB José Darias 0-0: Fly out, F8 (Flyball, 8LD)
Batting: RHB Raúl Ruíz 0-0: Swinging Strike
0-1: Called Strike
0-2: Ball
1-2: Ball
2-2: Strikes out swinging
Bottom of the 6th over - 0 runs, 1 hit, 0 errors, 1 left on base; Intercourse 10 - Butler 2
TOP OF THE 7TH
Intercourse Amish batting - Pitching for Butler White Sox : RHP Armando Rodríguez
Batting: RHB Pablo Díaz 0-0: Called Strike
0-1: Ball
1-1: Swinging Strike
1-2: Strikes out swinging
Batting: SHB Conan Hanson 0-0: Called Strike
0-1: Called Strike
0-2: Strikes out swinging
Batting: RHB Brian Stewart 0-0: Swinging Strike
0-1: Ball
1-1: Ball
2-1: Foul Ball, location: 2F
2-2: Ball
3-2: Strikes out looking
Top of the 7th over - 0 runs, 0 hits, 0 errors, 0 left on base; Intercourse 10 - Butler 2
BOTTOM OF THE 7TH
Butler White Sox batting - Pitching for Intercourse Amish : RHP Benjamin Hutchison
Pitching: RHP Paul Clark
Batting: RHB Luis Fuentes 0-0: Called Strike
0-1: Called Strike
0-2: Ball
1-2: SINGLE (Groundball, 13S) (infield hit)
Batting: RHB Jerry Moore 0-0: Ball
Luis Fuentes steals 2nd base
1-0: Called Strike
Luis Fuentes steals 3rd base
1-1: Ball
2-1: Swinging Strike
2-2: Foul Ball, location: 2F
2-2: Strikes out swinging
Batting: SHB Ben Marks 0-0: Called Strike
0-1: Ball
1-1: Ball
2-1: Ball
3-1: Base on Balls
Pitching: RHP António Castaneda
Batting: RHB Bobby Murdock 0-0: Foul Ball, location: 2F
0-1: Ball
1-1: Ball
2-1: Swinging Strike
2-2: Ball
3-2: Strikes out swinging
Batting: LHB Josh Pérez 0-0: Ball
1-0: Called Strike
1-1: Foul Ball, location: 2F
1-2: Strikes out swinging
Bottom of the 7th over - 0 runs, 1 hit, 0 errors, 2 left on base; Intercourse 10 - Butler 2
TOP OF THE 8TH
Intercourse Amish batting - Pitching for Butler White Sox : RHP Armando Rodríguez
Batting: LHB Dave Reynolds 0-0: Called Strike
0-1: Ball
1-1: Foul Ball, location: 2F
1-2: Ball
2-2: Ball
3-2: Foul Ball, location: 2F
3-2: Fly out, F3 (Popup, 3F)
Batting: SHB Ralph Robison 0-0: Ball
1-0: Swinging Strike
1-1: SINGLE (Groundball, 34D)
Batting: LHB Caleb Hall 0-0: Ball
1-0: Ball
2-0: Called Strike
2-1: Foul Ball, location: 2F
2-2: Foul Ball, location: 2F
2-2: Ball
3-2: Base on Balls
Ralph Robison to second
Batting: RHB Juan Estrada 0-0: Ball
1-0: Fly out, F7 (Flyball, 7LSF)
Batting: RHB Mitsuoki Taguchi 0-0: Ball
1-0: Ball
2-0: Swinging Strike
2-1: Fielders Choice at 2nd, 6-4 (Groundball, 6)
Top of the 8th over - 0 runs, 1 hit, 0 errors, 2 left on base; Intercourse 10 - Butler 2
BOTTOM OF THE 8TH
Butler White Sox batting - Pitching for Intercourse Amish : RHP António Castaneda
Now at C: Roberto Solís
Now at 2B: John Jones
Batting: RHB Ángel Serrano 0-0: SINGLE (Groundball, 4MD)
Batting: LHB Sam Haynes 0-0: Foul Ball, location: 2F
0-1: Foul Ball, location: 2F
0-2: Strikes out looking
Batting: RHB José Darias 0-0: SINGLE (Line Drive, 34D)
Ángel Serrano to second
Runner from 2nd tries for 3rd, SAFE, no throw
Batting: RHB Raúl Ruíz 0-0: Called Strike
0-1: Foul Ball, location: 2F
0-2: Ball
1-2: Strikes out swinging
Batting: RHB Luis Fuentes 0-0: Swinging Strike
0-1: Swinging Strike
0-2: Foul Ball, location: 2F
0-2: Ball
1-2: Ball
2-2: Strikes out swinging
Bottom of the 8th over - 0 runs, 2 hits, 0 errors, 2 left on base; Intercourse 10 - Butler 2
TOP OF THE 9TH
Intercourse Amish batting - Pitching for Butler White Sox : RHP Armando Rodríguez
Batting: LHB Tony O'Bryan 0-0: Hit by Pitch
Batting: RHB Pablo Díaz 0-0: Ball
1-0: Ball
2-0: Called Strike
2-1: Swinging Strike
2-2: Strikes out swinging
Pitching: RHP Carlos Olmedo
Batting: SHB Conan Hanson 0-0: Foul Ball, location: 2F
0-1: Foul Ball, location: 2F
0-2: Foul Ball, location: 2F
0-2: Grounds into double play, 4-6-3 (Groundball, 4)
Top of the 9th over - 0 runs, 0 hits, 0 errors, 0 left on base; Intercourse 10 - Butler 2
BOTTOM OF THE 9TH
Butler White Sox batting - Pitching for Intercourse Amish : RHP António Castaneda
Batting: RHB Jerry Moore 0-0: Ball
1-0: Ball
2-0: Foul Ball, location: 2F
2-1: Ground out U3 (Groundball, 34)
Batting: SHB Ben Marks 0-0: Ball
1-0: Ball
2-0: Ball
3-0: Base on Balls
Batting: RHB Bobby Murdock 0-0: Ball
1-0: SINGLE (Flyball, 4MD)
Ben Marks to second
Batting: LHB Josh Pérez 0-0: SINGLE (Groundball, 4D)
Ben Marks to third
Bobby Murdock to second
Batting: RHB Ángel Serrano 0-0: Ball
1-0: Foul Ball, location: 2F
1-1: Called Strike
1-2: GRAND SLAM HOME RUN (Line Drive, 7LD), Distance : 362 ft
Pitching: LHP Manuel Encarnación
Batting: LHB Sam Haynes 0-0: Foul Ball, location: 2F
0-1: Ball
1-1: Called Strike
1-2: Fly out, F8 (Flyball, 8RD)
Batting: RHB José Darias 0-0: Ball
1-0: Ground out U3 (Groundball, 3L)
Bottom of the 9th over - 4 runs, 3 hits, 0 errors, 0 left on base; Intercourse 10 - Butler 6
Saturday, December 16th, 2017 - OOTP Baseball 18.8 Build 76